 Dungeon Crawl Stone Soup version 0.18-a0-1702-gd20c6a5 (webtiles) character file.

33358 M4edhros the Nimble (level 13, -11/66 HPs)
             Began as an Octopode Wanderer on Apr 7, 2016.
             Was an Elder of Ru.
             Mangled by a black mamba (14 damage)
             ... while paralysed
             ... on level 3 of the Lair of Beasts.
             The game lasted 00:34:57 (13506 turns).

M4edhros the Nimble (Octopode Wanderer)            Turns: 13506, Time: 00:34:58

Health: -11/66     AC:  1    Str:  3 (11) XL:     13   Next: 70%
Magic:  15/15      EV:  2    Int:  8 (15) God:    Ru [****..]
Gold:   818        SH:  0    Dex:  0 (12) Spells: 3 memorised, 4 levels left

rFire  . . .     SeeInvis .     e - +7 spear (vamp)
rCold  . . .     Gourm    .     b - +0 buckler
rNeg   . . .     Faith    .     (helmet restricted)
rPois  .         Spirit   .     i - amulet of regeneration
rElec  +         Dismiss  .     (no ring)
rCorr  .         Reflect  .     c - ring of flight
SustAt .         Harm     .     x - +4 ring of evasion
MR     .....                    (no ring)
Stlth  ..........               (no ring)
                                (no ring)
                                (no ring)
                                (no ring)

@: paralysed, exhausted, slowed, lost dexterity, drained, not resistant to
hostile enchantments, extremely unstealthy
A: almost no armour, amphibious, 8 rings, constrict 8, tentacle spike 1,
camouflage 1, clumsy 1, deterioration 2, frail 2, low mp 1, electricity
resistance, weak 1, gelatinous body 1, no conjurations magic, no ice magic, no
necromancy magic, unskilled 1, missing an eye
a: Draw Out Power, Power Leap, Renounce Religion, Evoke Flight


You were on level 3 of the Lair of Beasts.
You worshipped Ru.
Ru was greatly pleased with you.
You were not hungry.

You visited 2 branches of the dungeon, and saw 16 of its levels.
You also visited: Sewer.

You collected 818 gold pieces.

Inventory:

Hand Weapons
 e - a +7 vampiric spear (weapon)
Armour
 b - a +0 buckler (worn)
Jewellery
 c - a ring of flight (right tentacle)
 i - an amulet of regeneration (around mantle)
 x - a +4 ring of evasion (on tentacle)
 F - an uncursed amulet of rage
Wands
 g - a wand of slowing (12/48)
 h - a wand of polymorph (13/24)
 j - a wand of lightning (7/15)
 k - a wand of acid (7/15)
 l - a wand of heal wounds (0/9)
 r - a wand of teleportation (8/9)
 y - a wand of lightning (6/15)
 A - a wand of hasting (4/9)
 D - a wand of confusion (17/48)
Scrolls
 q - 2 scrolls of magic mapping
 v - a scroll of summoning
 w - a scroll of enchant armour
 z - a scroll of fog
 I - a scroll of recharging {unknown}
Potions
 n - a potion of might
 o - 3 potions of magic
 B - 2 potions of curing
 C - 3 potions of ambrosia
 H - a potion of brilliance
Books
 m - a book of Flames

   Spells                             Type                      Level
   a - Flame Tongue                   Conjuration/Fire             1
   b - Throw Flame                    Conjuration/Fire             2
   c - Conjure Flame                  Conjuration/Fire             3
   d - Inner Flame                    Hexes/Fire                   3
   e - Sticky Flame                   Conjuration/Fire             4
   f - Fireball                       Conjuration/Fire             5
Miscellaneous
 a - a lamp of fire (inert)
Comestibles
 d - 3 fruits
 f - 13 bread rations
 p - 6 beef jerkies
 s - 4 slices of pizza
 u - 2 meat rations


   Skills:
 + Level 5.9(5.2) Fighting
 - Level 12.0(11.2) Polearms
   Level 0.8(7.1) Staves
   Level 1.7(1.2) Bows
 * Level 14.0(13.2) Dodging
 - Level 1.2(0.6) Stealth
 + Level 6.8(6.1) Shields
 + Level 5.9(5.2) Evocations


You had 4 spell levels left.
You knew the following spells:

 Your Spells              Type           Power        Failure   Level  Hunger
a - Summon Lightning Spi  Summ/Air       #.......     100%        4    #####..
b - Blink                 Tloc           N/A          69%         2    ###....
c - Shroud of Golubria    Chrm/Tloc      #.........   69%         2    ###....


Dungeon Overview and Level Annotations

Branches:
Dungeon (13/15)            Temple (0/1) D:7            Lair (3/8) D:10
  Snake (0/4) Lair:3          Orc (0/2) D:9
  Swamp: Lair:3-6    Shoals: Lair:3-6    Vaults: D:13-14

Altars:
Dithmenos
Nemelex Xobeh
Okawaru
Pakellas
Qazlal
Ru
Sif Muna
Trog
Vehumet
Xom
Zin
The Shining One

Shops:
D:5 (   D:6 *

Annotations:
D:13 Frances


Innate Abilities, Weirdness & Mutations

You cannot wear most types of armour.
You are amphibious.
You can wear up to eight rings at the same time.
You can use your tentacles to constrict eight enemies at once.
Your skin changes colour to match your surroundings (Stealth).
You are clumsy. (Dex -2)
Your magical capacity is low (-10% MP).
You are weak. (Str -2)
Your rubbery body absorbs attacks (AC +1).
You cannot study or cast Conjurations magic.
You cannot study or cast Ice magic.
You cannot study or cast Necromancy magic.
You are somewhat unskilled (-1 Apt).
You are missing an eye, making it more difficult to aim.
One of your tentacles bears a spike.
Your body often deteriorates upon taking damage.
You are very frail (-20% HP).
You are resistant to electric shocks.


Message History

Unknown command.
You hit the black mamba.
The black mamba is almost dead.
You constrict the black mamba, but do no damage.
You feel sick. The black mamba bites you!
* * * LOW HITPOINT WARNING * * *
Your body deteriorates!
You feel clumsy.
You are lethally poisoned!
The black mamba poisons you!
Drink which item? (? for menu, Esc to quit)
You feel better.
You constrict the black mamba, but do no damage.
The black mamba bites you!
* * * LOW HITPOINT WARNING * * *
Your body deteriorates!
You feel clumsy.
You have lost your dexterity.
The black mamba bites you!
* * * LOW HITPOINT WARNING * * *
Your body deteriorates!
You feel weakened.
You constrict the black mamba. The black mamba bites you!
You die...

..P..# ###
##.....<.#
##..>.##PP##
#P........
#...P......##
##.......#
.........
...#P........
#....#
P.........>..
#..#
##.........##
#..#
#...........
##.###
###.#..#..#.
#.††@#
#######...
#..S## #..#
##.l.# ##..
#P.#### #..
##....# # #..
#....## .##
###
##.P..##..#
#. #.#.....#
## #.#...#.##
#


You could see a black mamba and an iguana.

Vanquished Creatures
  Josephine (D:11)
  A hydra (Lair:2)
  The ghost of Torro the Fighter, a novice MiFi of Makhleb (D:8)
  An unseen horror (D:10)
  7 hill giants
  2 necromancers (D:10)
  An ugly thing (D:13)
  The ghost of Yawgmoth the Geomancer, a novice GrEE of Vehumet (D:6)
  2 deep elf magi
  2 cyclopes (D:11)
  A manticore (D:12)
  An elephant (Lair:2)
  3 spiny frogs
  4 black mambas
  A kobold demonologist (D:12)
  A komodo dragon (Lair:2)
  14 blink frogs
  A hornet zombie (D:9)
  2 flying skulls (D:10)
  A spriggan (D:7)
  2 shadows (D:10)
  4 wraiths (D:11)
  30 yaks
  2 wyverns
  A basilisk (D:11)
  7 vampire mosquitoes (D:12)
  5 hippogriffs
  4 porcupines
  A swamp drake (D:9)
  6 water moccasins
  4 orc warriors
  2 sky beasts
  2 black bears (Lair:2)
  4 phantoms
  2 ogres
  4 ice beasts
  A wasp (D:11)
  An eye of draining (D:10)
  10 wolves (Lair:2)
  3 necrophages
  7 crocodiles
  5 centaurs
  A big kobold (D:12)
  A wyvern zombie (D:10)
  A gnoll sergeant (D:8)
  8 giant frogs
  6 wyvern skeletons
  5 scorpions
  13 wights
  15 killer bees
  8 crimson imps
  2 centaur zombies
  4 hounds
  5 jellies
  7 orc priests
  9 centaur skeletons
  2 giant frog skeletons
  A gnoll shaman (D:7)
  Ijyb (D:4)
  13 orc wizards
  5 worker ants
  Natasha (thrice) (D:4)
  5 iguanas
  8 sheep
  2 killer bee zombies
  A hound zombie (D:10)
  A hound skeleton (D:4)
  A howler monkey zombie (D:10)
  2 worker ant zombies
  Robin (D:3)
  7 gnolls
  12 adders
  2 howler monkey skeletons
  19 river rats
  2 shadow imps (D:7)
  2 adder skeletons
  7 worms
  3 dart slugs
  8 giant geckos
  35 orcs
  5 ball pythons
  5 giant cockroaches
  8 hobgoblins
  25 jackals
  13 kobolds
  5 quokkas
  6 bats
  11 giant newts
  33 goblins
  A jackal zombie (D:9)
  2 quokka skeletons
  A quokka zombie (D:5)
  14 rats
512 creatures vanquished.

Vanquished Creatures (collateral kills)
  A vampire (D:7)
  A rat (D:1)
2 creatures vanquished.

Vanquished Creatures (others)
  A kobold (D:12)
  4 fungi
  5 plants (Lair:3)
10 creatures vanquished.

Grand Total: 524 creatures vanquished

Notes
Turn   | Place    | Note
--------------------------------------------------------------
     0 | D:1      | M4edhros the Octopode Wanderer began the quest for the Orb.
     0 | D:1      | M4edhros set off with: a lamp of fire, a +0 shortbow, 27 arrows, a potion of lignification, a bread ration
     0 | D:1      | Reached XP level 1. HP: 17/17 MP: 1/1
    64 | D:1      | Reached skill level 1 in Dodging
   194 | D:1      | Reached XP level 2. HP: 20/22 MP: 2/2
   264 | D:1      | Reached skill level 2 in Dodging
   590 | D:1      | Reached XP level 3. HP: 23/27 MP: 3/3
   950 | D:1      | Reached skill level 3 in Dodging
  1098 | D:2      | Found a glowing golden altar of the Shining One.
  1189 | D:2      | Found a radiant altar of Vehumet.
  1200 | D:2      | Found a shadowy altar of Dithmenos.
  1209 | D:2      | Found an iron altar of Okawaru.
  1236 | D:2      | Found a sacrificial altar of Ru.
  1252 | D:2      | Became a worshipper of Ru the Awakened
  1386 | D:2      | Reached skill level 1 in Polearms
  1386 | D:2      | Reached XP level 4. HP: 33/33 MP: 4/4
  2067 | D:3      | Reached XP level 5. HP: 19/37 MP: 5/5
  2106 | D:3      | Reached skill level 4 in Dodging
  2128 | D:3      | Found a faded altar to an unknown god.
  2531 | D:3      | Found a glowing drain.
  2543 | Sewer    | Entered a sewer
  3001 | D:3      | Reached XP level 6. HP: 43/43 MP: 6/6
  3060 | D:3      | Noticed Robin
  3080 | D:3      | Killed Robin
  3258 | D:4      | Reached skill level 5 in Dodging
  3282 | D:4      | Noticed Natasha
  3288 | D:4      | Killed Natasha
  3295 | D:4      | Reached XP level 7. HP: 48/48 MP: 7/7
  3328 | D:4      | Noticed Ijyb
  3339 | D:4      | Killed Ijyb
  3451 | D:4      | Noticed Natasha
  3457 | D:4      | Killed Natasha
  3480 | D:4      | Found a deep blue altar of Sif Muna.
  3498 | D:4      | Noticed Natasha
  3502 | D:4      | Killed Natasha
  3509 | D:4      | Found a glowing silver altar of Zin.
  3710 | D:4      | Identified Sif Muna's Catalogue of the Snowflakes and Conjuration
  3767 | D:5      | Entered Level 5 of the Dungeon
  3816 | D:5      | Reached skill level 6 in Dodging
  3840 | D:5      | Gained mutation: You are somewhat unskilled (-1 Apt). [Ru sacrifice]
  3840 | D:5      | Reduced skill Bows to level 1
  3840 | D:5      | Reduced skill Dodging to level 5
  3840 | D:5      | Reached * piety under Ru
  3967 | D:5      | Reached XP level 8. HP: 37/53 MP: 8/8
  3971 | D:5      | Reached skill level 5 in Polearms
  3971 | D:5      | Reached skill level 6 in Dodging
  4010 | D:5      | Found a stormy altar of Qazlal.
  4241 | D:5      | Found Godadaz's Weapon Boutique.
  4519 | D:6      | Found a bloodstained altar of Trog.
  4663 | D:6      | Noticed Yawgmoth's ghost (novice GrEE)
  4738 | D:6      | Found Rnye's Retail Resort.
  4801 | D:6      | Found an oddly glowing altar of Pakellas.
  4908 | D:6      | Killed Yawgmoth's ghost
  4908 | D:6      | Reached skill level 7 in Dodging
  4908 | D:6      | Reached XP level 9. HP: 38/57 MP: 9/9
  5346 | D:7      | Reached skill level 8 in Dodging
  5411 | D:7      | Gained mutation: You are weak. (Str -2) [Ru sacrifice]
  5411 | D:7      | Reached ** piety under Ru
  5632 | D:7      | Reached skill level 9 in Dodging
  5789 | D:7      | Found a shimmering altar of Xom.
  5800 | D:7      | Found a staircase to the Ecumenical Temple.
  5953 | D:7      | Reached XP level 10. HP: 63/63 MP: 10/10
  6416 | D:8      | Noticed Torro's ghost (novice MiFi)
  6641 | D:9      | Found a sparkling altar of Nemelex Xobeh.
  6672 | D:9      | Found a staircase to the Orcish Mines.
  6855 | D:9      | Reached skill level 10 in Dodging
  7039 | D:9      | Reached skill level 10 in Polearms
  7090 | D:9      | Reached skill level 1 in Shields
  7307 | D:9      | Gained mutation: Your magical capacity is low (-10% MP). [Ru sacrifice]
  7315 | D:9      | Reached XP level 11. HP: 51/67 MP: 10/10
  7684 | D:10     | Entered Level 10 of the Dungeon
  7718 | D:9      | Reached skill level 11 in Dodging
  7768 | D:10     | Found a staircase to the Lair.
  7869 | D:10     | Noticed a necromancer
  7919 | D:10     | Killed a necromancer
  8012 | D:10     | Noticed a necromancer
  8022 | D:10     | Killed a necromancer
  8156 | D:10     | Noticed an unseen horror
  8157 | D:10     | Killed an unseen horror
  8157 | D:10     | Reached skill level 12 in Dodging
  8157 | D:10     | Reached XP level 12. HP: 38/73 MP: 11/11
  8181 | D:10     | Gained mutation: You are resistant to electric shocks. [mutagenic meat]
  8393 | D:10     | Gained mutation: You are clumsy. (Dex -2) [Ru sacrifice]
  8393 | D:10     | Reached *** piety under Ru
  8679 | D:11     | Noticed Josephine
  8690 | D:11     | Killed Josephine
  9603 | D:12     | Reached skill level 5 in Shields
 10153 | D:13     | Reached skill level 13 in Dodging
 10177 | D:13     | Gained mutation: One of your tentacles bears a spike. [mutagenic meat]
 10178 | D:13     | Gained mutation: You expend magic power (3 MP) to strengthen your wands. [mutagenic meat]
 10233 | D:13     | Reached XP level 13. HP: 81/81 MP: 14/14
 10269 | D:13     | Noticed Frances
 10534 | D:8      | Killed Torro's ghost
 10578 | D:8      | Gained mutation: You cannot study or cast Ice magic. [Ru sacrifice]
 10578 | D:8      | Gained mutation: You cannot study or cast Necromancy magic. [Ru sacrifice]
 10578 | D:8      | Gained mutation: You cannot study or cast Conjurations magic. [Ru sacrifice]
 10686 | D:8      | Lost mutation: You expend magic power (3 MP) to strengthen your wands. [mutagenic meat]
 10688 | D:8      | Gained mutation: Your body sometimes deteriorates upon taking damage. [mutagenic meat]
 10689 | D:8      | Gained mutation: Your body often deteriorates upon taking damage. [mutagenic meat]
 10690 | D:8      | Gained mutation: You are frail (-10% HP). [mutagenic meat]
 10691 | D:8      | Gained mutation: You are very frail (-20% HP). [mutagenic meat]
 11135 | Lair:1   | Entered Level 1 of the Lair of Beasts
 11289 | Lair:1   | Reached skill level 5 in Fighting
 11548 | Lair:1   | Reached skill level 5 in Evocations
 12270 | Lair:2   | Learned a level 4 spell: Summon Lightning Spire
 12329 | Lair:2   | Learned a level 2 spell: Blink
 12332 | Lair:2   | Learned a level 2 spell: Shroud of Golubria
 12365 | Lair:2   | Gained mutation: You are missing an eye, making it more difficult to aim. [Ru sacrifice]
 12365 | Lair:2   | Reached **** piety under Ru
 13462 | Lair:3   | Found a staircase to the Snake Pit.
 13499 | Lair:3   | Reached skill level 14 in Dodging
 13505 | Lair:3   | Lost dexterity.
 13505 | Lair:3   | HP: 3/66 [black mamba (12)]
 13506 | Lair:3   | Mangled by a black mamba

Vault maps used:
D:1:      dpeg_arrival_more_subterranean_lakeside_camping
D:2:      nicolae_tso_swordbearing_angel, lemuel_crystal_altar,
          grunt_temple_overflow_open, okawaru_gym_becter
D:3:      kennysheep_goblin_castle, ecumenical_altar_1, portal_sewer_entry_d,
          solitary_fountain
D:4:      kennysheep_the_goblin_king, led_sif_book, zin_scriptorium,
          first_bread, uniq_natasha
D:5:      grunt_qazlal_clouds, serial_shops, shop_fountains
D:6:      lemuel_crystal_altar, nicolae_overflow_crystal_walls,
          nicolae_alphabet_shops
D:7:      nicolae_overflow_hidden_temple, temple_green, the_bakery
D:9:      nemelex_xobeh_ov_fountains_minmay, erik_orc_1,
          kennysheep_generic_room_9
D:10:     hangedman_screamer, lair_0_dummy
D:11:     minmay_misc_feat_hallway, uniq_josephine
D:13:     david_vaults_5, uniq_kirke, uniq_frances
Lair:1:   minmay_hedge_maze
Lair:2:   grunt_megastairs_4
Lair:3:   minmay_snake_entry_six_corridors, uniq_nergalle
Sewer:    sewer_co_cracked_pipes

Skill      XL: |  1  2  3  4  5  6  7  8  9 10 11 12 13 |
---------------+----------------------------------------+-----
Dodging        | 1 2 3 4 5 5 7 9 10 12 13 14 | 14.0
Polearms       | 1 2 3 4 6 8 10 11 12 | 12.0
Fighting       | 3 4 5 |  5.9
Staves         | 0 |  0.8
Bows           | 1 |  1.7
Shields        | 0 1 4 5 6 |  6.8
Evocations     | 4 5 |  5.9
Stealth        | |  1.2

Action                   |  1- 3 |  4- 6 |  7- 9 | 10-12 | 13-15 || total
-------------------------+-------+-------+-------+-------+-------++-------
Melee: Unarmed           |    18 |       |       |       |       ||    18
       Spear             |    32 |   192 |   380 |   976 |   692 ||  2272
       Short sword       |    13 |       |       |       |       ||    13
 Fire: Shortbow          |    34 |       |       |       |       ||    34
Invok: Reject Sacrifices |       |     1 |       |       |       ||     1
       Sacrifice Skill   |       |       |     1 |       |       ||     1
       Sacrifice Purity  |       |       |     1 |     1 |       ||     2
       Sacrifice Essence |       |       |       |     1 |       ||     1
       Draw Out Power    |       |       |       |     1 |     2 ||     3
       Sacrifice Arcana  |       |       |       |       |     1 ||     1
       Sacrifice an Eye  |       |       |       |       |     1 ||     1
Evoke: Lamp of fire      |     1 |       |     1 |     2 |     1 ||     5
       Wand              |       |       |     3 |     7 |     2 ||    12
  Use: Potion            |     2 |     3 |     7 |     5 |     3 ||    20
       Scroll            |       |    10 |     7 |     7 |     4 ||    28
 Stab: Sleeping          |     5 |    26 |    11 |    22 |     6 ||    70
       Distracted        |     2 |       |       |     3 |     2 ||     7
       Invisible         |       |       |       |     1 |     5 ||     6
       Paralysed         |       |       |       |       |     3 ||     3
       Confused          |       |       |       |       |     2 ||     2
  Eat: Chunk             |     2 |     6 |     8 |     8 |    12 ||    36
       Bread ration      |     1 |       |       |       |       ||     1
       Meat ration       |       |       |       |     2 |     1 ||     3
